Map: Deathaura LE

Players

PartinG

  • Race: Protoss Protoss
  • League: Master
  • Spawn Location: 5:00

HeroMarine - Winner!

  • Race: Terran Terran
  • Spawn Location: 11:00

Event: DreamHack SC2 Masters 2020 Summer Season Finals

VOD

Have the link to the VOD?

Description

Time

  • Played on: July 16, 2020, 11:07 a.m.
  • Length: 9:52

All games in this series

Show
View Real Time Build Order
Export as new Build Order

PartinG Protoss 

Build Orders: 1 Gate Expand, Oracle Opening 

Get SALT Encoding   

  12  0:00  Probe  
  13  0:13  Probe  
  14  0:17  Pylon  
  14  0:23  Probe  
  15  0:31  Probe  
  16  0:36  Gateway  
  16  0:39  Probe  
  16  0:45  Assimilator  
  17  0:51  Probe  
  18  1:03  Probe  
  19  1:15  Probe  
  20  1:23  Cybernetics Core  
  20  1:33  Nexus  
  20  1:40  Pylon  
  20  1:42  Probe  
  21  1:48  Assimilator  
  21  1:50  Adept  
  21  1:54  Probe  
  24  2:05  Pylon  
  24  2:07  Probe  
  25  2:10  Stalker  
  25  2:19  Probe  
  28  2:27  Stargate  
  28  2:31  Probe  
  29  2:37  Warp Gate  
  29  2:45  Probe x2  
  29  2:48  Stalker  
  33  2:53  Probe  
  33  2:57  Probe  
  33  3:01  Probe  
  33  3:03  Oracle  
  34  3:09  Probe  
  34  3:11  Probe  
  39  3:21  Probe  
  39  3:23  Gateway, Probe  
  41  3:32  Gateway  
  41  3:33  Probe  
  42  3:35  Probe  
  42  3:41  Assimilator  
  46  3:47  Probe, Pylon  
  47  3:49  Probe  
  48  4:01  Probe  
  48  4:02  Probe  
  50  4:07  Pylon  
  50  4:09  Twilight Council  
  47  4:13  Probe  
  47  4:14  Phoenix, Probe  
  51  4:19  Blink  
  51  4:23  Nexus  
  51  4:26  Pylon  
  51  4:28  Stalker  
  53  4:31  Stalker  
  53  4:33  Probe  
  53  4:34  Probe  
  57  4:38  Stalker  
  59  4:49  Probe x2  
  59  4:52  Stalker  
  63  4:59  Pylon  
  63  5:00  Stalker  
  63  5:03  Probe  
  63  5:04  Probe  
  63  5:06  Shield Battery  
  67  5:09  Forge  
  67  5:14  Stalker  
  69  5:17  Stalker  
  71  5:22  Shield Battery  
  71  5:24  Stalker  
  71  5:26  Protoss Ground Weapons Level 1  
  73  5:38  Stalker  
  73  5:42  Gateway  
  75  5:44  Stalker  
  75  5:45  Gateway  
  75  5:46  Probe x3  
  80  5:52  Stalker  
  82  5:58  Pylon  
  82  6:00  Charge, Probe x2  
  82  6:02  Probe  
  85  6:07  Sentry, Pylon  
  85  6:11  Stalker  
  89  6:12  Probe  
  89  6:14  Pylon  
  89  6:16  Gateway  
  90  6:21  Probe  
  90  6:22  Probe  
  90  6:24  Probe  
  93  6:26  Sentry, Pylon  
  93  6:27  Pylon  
  95  6:35  Gateway  
  95  6:36  Gateway  
  95  6:40  Robotics Facility  
  95  6:43  Zealot x3  
  102  6:47  Probe x3  
  102  6:52  Zealot x2  
  108  6:56  Assimilator  
  105  7:03  Photon Cannon  
  105  7:04  Shield Battery  
  105  7:05  Pylon  
  105  7:08  Templar Archives  
  105  7:10  Probe  
  105  7:11  Probe x2  
  105  7:14  Assimilator  
  108  7:16  Assimilator  
  108  7:18  Zealot x3  
  108  7:22  Protoss Ground Armor Level 1  
  114  7:26  Pylon  
  114  7:28  Zealot x2  
  114  7:29  Zealot  
  118  7:34  Zealot x2  
  121  7:40  Psionic Storm  
  121  7:43  Probe x2  
  121  7:44  Probe  
  112  7:46  Zealot  
  112  7:47  Zealot x2  
  116  7:51  Stalker  
  116  7:53  Stalker  
  120  8:07  Observer  
  120  8:08  High Templar  
  120  8:09  Zealot x3  
  129  8:12  Shield Battery  
  129  8:13  Probe x2  
  129  8:15  Probe  
  129  8:17  High Templar  
  132  8:31  Zealot x5  
  132  8:32  High Templar  
  113  8:44  Zealot  
  107  8:50  Zealot  
  107  8:51  Warp Prism  
  107  8:54  Zealot x4  
  119  8:56  High Templar  
  103  9:10  Zealot x3  
  103  9:15  High Templar x4  
  117  9:19  Archon x2  
  117  9:29  Zealot  
  103  9:33  Archon  
  103  9:34  Zealot x3  
Show
View Real Time Build Order
Export as new Build Order

HeroMarine Terran - Winner!

Build Orders: Reaper Expand 

Get SALT Encoding   

  12  0:01  SCV  
  13  0:13  SCV  
  14  0:17  Supply Depot  
  14  0:25  SCV  
  15  0:39  SCV  
  15  0:40  Barracks  
  16  0:44  Refinery  
  16  0:51  SCV  
  17  1:03  SCV  
  18  1:15  SCV  
  19  1:27  Orbital Command, Reaper  
  20  1:44  Command Center  
  20  1:50  Supply Depot  
  21  1:54  SCV  
  21  1:59  Marine  
  22  2:06  SCV  
  23  2:08  Factory  
  23  2:16  Marine  
  23  2:18  SCV  
  23  2:20  Bunker  
  25  2:25  Refinery  
  25  2:30  SCV  
  25  2:35  Barracks  
  25  2:36  Barracks Reactor  
  26  2:42  SCV  
  27  2:54  SCV  
  27  2:55  Factory Tech Lab  
  28  2:59  Orbital Command  
  28  3:06  SCV  
  29  3:13  Cyclone, Marine x2  
  29  3:19  SCV  
  35  3:23  Supply Depot, Barracks Tech Lab  
  35  3:24  SCV  
  36  3:30  Marine  
  36  3:31  Marine, SCV  
  39  3:36  SCV  
  39  3:41  Stimpack  
  40  3:43  SCV  
  40  3:44  Marine  
  42  3:48  Marine x2, SCV  
  42  3:55  SCV  
  43  3:57  Factory Reactor  
  43  3:58  Starport  
  43  4:00  SCV  
  44  4:03  Marine  
  44  4:06  Marine  
  44  4:07  SCV  
  47  4:13  SCV  
  47  4:14  Barracks  
  48  4:17  Supply Depot  
  48  4:19  SCV  
  48  4:25  SCV  
  48  4:27  Marine x2  
  51  4:31  SCV  
  51  4:37  SCV  
  53  4:40  Supply Depot  
  53  4:41  Marauder  
  53  4:43  SCV  
  53  4:44  Medivac  
  53  4:45  Marine x2  
  60  4:47  Medivac  
  60  4:50  Supply Depot  
  62  4:54  Engineering Bay  
  62  4:58  SCV  
  62  5:02  Marine, SCV  
  62  5:03  Marine  
  62  5:04  Marine  
  62  5:05  Combat Shield, Marine  
  67  5:10  SCV  
  68  5:14  SCV  
  68  5:18  Refinery  
  68  5:19  Supply Depot  
  68  5:20  Marine x2  
  71  5:22  Marine x2  
  71  5:24  Terran Infantry Weapons Level 1  
  71  5:26  SCV x2  
  71  5:27  Refinery  
  74  5:38  SCV x2  
  74  5:40  Marine x2  
  78  5:48  Widow Mine x2  
  82  5:52  Medivac  
  82  5:53  Command Center  
  84  5:57  Supply Depot  
  84  5:59  Marauder  
  86  6:06  Supply Depot  
  86  6:10  Marauder, Marine x2, SCV x2  
  92  6:21  Marauder  
  92  6:22  SCV x2  
  92  6:25  Factory Reactor  
  96  6:27  Marine  
  96  6:28  Marine  
  96  6:30  Medivac  
  96  6:31  Medivac  
  96  6:32  Marauder, Concussive Shells  
  104  6:34  SCV x2  
  106  6:43  Marauder  
  108  6:50  SCV x2, Barracks  
  109  6:54  Barracks  
  109  7:02  SCV  
  110  7:10  Marauder x2, SCV  
  110  7:13  Widow Mine  
  110  7:14  Widow Mine  
  110  7:15  Medivac x2  
  121  7:19  Terran Infantry Armor Level 1, SCV  
  121  7:22  SCV  
  124  7:27  Marine  
  124  7:28  Marine  
  123  7:31  SCV  
  123  7:32  Marauder x2  
  123  7:34  SCV  
  129  7:40  Widow Mine x2  
  129  7:42  Barracks Reactor, Barracks Tech Lab  
  133  7:46  SCV x2  
  132  7:51  Marine  
  133  7:59  Marauder  
  133  8:00  Orbital Command, Marine, Marauder, Medivac x2  
  133  8:03  Marauder  
  133  8:04  Widow Mine  
  140  8:07  Supply Depot  
  140  8:08  Supply Depot  
  140  8:14  Ghost Academy  
  140  8:16  SCV  
  140  8:19  Marine x4, Widow Mine, SCV  
  148  8:29  Marauder x3, Widow Mine  
  156  8:37  Marine  
  156  8:41  Widow Mine  
  154  8:42  Marine x2  
  154  8:43  SCV  
  154  8:44  SCV  
  154  8:45  SCV  
  151  8:49  Refinery  
  151  8:50  Refinery  
  151  8:51  Ghost  
  151  8:52  Marine, Ghost x2  
  151  8:54  Widow Mine  
  151  8:55  Marine  
  161  8:56  SCV  
  161  8:59  Marine  
  158  9:09  Widow Mine  
  157  9:15  Widow Mine  
  157  9:17  Armory, Engineering Bay  
  158  9:19  SCV x2  
  158  9:21  Marauder x2, Marine  
  158  9:23  Supply Depot  
  165  9:26  Marine  
  165  9:27  Marauder  
Tags
 
Add a new tag
Caveats
  • Supply blocks, unpowered buildings, or Contaminate may cause inaccurate times.
  • Supply counts are checked every 10 seconds.